 Dungeon Crawl Stone Soup version 0.27-a0-92-g39ad13b146 (webtiles) character file.

Game seed: 10951298873048456668

3181 kae the Martial Artist (level 9, -4/56 HPs)
             Began as a Tengu Monk on Jan 15, 2021.
             Was a Priest of Qazlal.
             Killed by divine providence
             ... invoked by an orc priest
              (10 damage)
             ... on level 6 of the Dungeon.
             The game lasted 00:04:16 (6694 turns).

kae the Martial Artist (Tengu Monk)                 Turns: 6694, Time: 00:04:17

Health: -4/56      AC:  7    Str: 16    XL:     9   Next: 95%
Magic:  12/12      EV: 20    Int: 10    God:    Qazlal [***...]
Gold:   424        SH:  4    Dex: 16    Spells: 8/8 levels left

rFire    . . .     SeeInvis .     - Unarmed
rCold    . . .     Faith    .   (no shield)
rNeg     . . .     Spirit   .   a - +0 robe
rPois    .         Reflect  .   e - +1 hat
rElec    .         Harm     .   k - +0 cloak
rCorr    .         Rampage  .   n - +1 pair of gloves
Will     .....                  (boots unavailable)
Stlth    ++........             (no amulet)
HPRegen  0.18/turn              (no ring)
MPRegen  0.13/turn              (no ring)

@: flying quickly and evasively, quick
A: beak, talons 3, able to fly
a: Stop Flying, Renounce Religion, Upheaval, Elemental Force


You were on level 6 of the Dungeon.
You worshipped Qazlal.
Qazlal was most pleased with you.
You visited 2 branches of the dungeon, and saw 8 of its levels.

You collected 424 gold pieces.

Inventory:

Armour
 a - a +0 robe (worn)
 e - a +1 hat (worn)
 k - a +0 cloak (worn)
 n - a +1 pair of gloves (worn)
Wands
 g - a wand of flame (10)
 l - a wand of paralysis (6)
 p - a wand of iceblast (7)
 q - a wand of random effects (16)
Scrolls
 b - 2 scrolls of amnesia
 d - 4 scrolls of identify
 h - 2 scrolls of teleportation
 i - 5 scrolls of remove curse
 j - a scroll of fear
Potions
 c - 3 potions of curing
 f - 4 potions of attraction
 m - a potion of heal wounds


   Skills:
 + Level 6.6 Fighting
 + Level 6.1 Armour
 + Level 7.1 Dodging
 - Level 2.0 Stealth
 * Level 9.7 Unarmed Combat
 + Level 3.3 Invocations


You had 8 spell levels left.
You didn't know any spells.
Your spell library contained the following spells:

 Spells                   Type           Power        Failure   Level
 Beastly Appendage        Tmut           0%           36%         1
 Wereblood                Tmut           0%           50%         2
 Spider Form              Tmut/Pois      0%           75%         3
 Ice Form                 Ice/Tmut       0%           98%         4
 Blade Hands              Tmut           0%           100%        5


Dungeon Overview and Level Annotations

Branches:
Dungeon (7/15)             Temple (1/1) D:4

Altars:
Ashenzari
Cheibriados
Dithmenos
Elyvilon
Fedhas
Hepliaklqana
Kikubaaqudgha
Makhleb
Nemelex Xobeh
Okawaru
Qazlal
Ru
Sif Muna
Trog
Uskayaw
Vehumet
Wu Jian
Xom
Zin
The Shining One


Innate Abilities, Weirdness & Mutations

You have a beak for a mouth.
You have claws for feet.
You can fly continuously.


Message History

The orc warrior is lightly wounded.
The orc warrior hits you with a +0 war axe!
You punch the orc warrior!
The orc warrior is heavily wounded.
You punch the orc warrior! You claw the orc warrior.
You kill the orc warrior!
Qazlal accepts your kill.
The orc priest invokes the aid of Beogh against you.
Pain shoots through your body!
* * * LOW HITPOINT WARNING * * *
Things that are here:
a +0 war axe; a +0 plate armour You punch the orc priest!
The orc priest is heavily wounded.
The orc priest hits you but does no damage.
You hit the orc priest but do no damage.
The orc priest is heavily wounded.
The orc priest mumbles some strange prayers to Beogh against you.
Beogh smites you!
You die...

..##.8#(#8.#.###.#.#########.#
..##'##.##+### #.#...........#
..#8).#.'...# #.....#########
..'...#.#..8# #####.#
..##'##.##'## #.#.#.#
...#.8#.#8.# #.#.#.#
##.#..###..# #...#.#
##.##..'..## #.#.#.#
##..####### #@#.#.#
###.......######o#.#.#
##......>......###.#
#.#.............#.#
#.#.........[.#)#.#
####.#...|...#####.#.#
..##.#.......#.....#.#
#....#####.........#.# ######
#.........#.#


You could see an orc priest.

Vanquished Creatures
  Pikel (D:4)
  A troll (D:6)
  Eustachio (D:4)
  Menkaure (D:4)
  Duvessa (D:5)
  An orc warrior (D:6)
  An ice beast (D:7)
  A sky beast (D:5)
  A necrophage (D:6)
  5 ogres
  A phantom (D:6)
  A centaur (D:5)
  2 bullfrogs (D:6)
  Blork the orc (D:6)
  Dowan (D:5)
  4 scorpions
  3 wights (D:6)
  A bullfrog zombie (D:5)
  3 hounds
  A bullfrog skeleton (D:5)
  A gnoll shaman (D:6)
  A centaur skeleton (D:5)
  An iguana (D:5)
  5 worker ants
  An orc wizard (D:7)
  A killer bee zombie (D:6)
  A hound skeleton (D:4)
  A howler monkey zombie (D:6)
  7 adders
  3 gnolls (D:6)
  3 shadow imps
  2 oozes
  An adder zombie (D:6)
  2 worms
  A dart slug (D:1)
  4 leopard geckos
  11 orcs
  2 bats (D:2)
  5 giant cockroaches
  5 goblins
  8 hobgoblins
  16 jackals
  5 kobolds
  A ball python (D:2)
  6 frilled lizards
  A leopard gecko skeleton (D:2)
  11 rats
138 creatures vanquished.

Vanquished Creatures (others)
  An orc wizard (D:7)
1 creature vanquished.

Grand Total: 139 creatures vanquished

Notes
Turn   | Place    | Note
-------+----------+-------------------------------------------
     0 | D:1      | kae the Tengu Monk began the quest for the Orb.
     0 | D:1      | Reached XP level 1. HP: 14/14 MP: 2/2
    36 | D:1      | Reached XP level 2. HP: 18/19 MP: 3/3
   427 | D:1      | Reached skill level 1 in Armour
   455 | D:1      | Reached XP level 3. HP: 20/23 MP: 4/4
  1030 | D:2      | Reached skill level 4 in Unarmed Combat
  1185 | D:2      | Reached XP level 4. HP: 6/28 MP: 5/5
  2734 | D:4      | Gained mutation: You can fly continuously. [Tengu growth]
  2734 | D:4      | Reached XP level 5. HP: 32/32 MP: 6/6
  2743 | D:4      | Found a blossoming altar of Fedhas.
  2751 | D:4      | Found a staircase to the Ecumenical Temple.
  2839 | Temple   | Entered the Ecumenical Temple
  3029 | Temple   | Became a worshipper of Qazlal Stormbringer
  3029 | Temple   | Reached * piety under Qazlal
  3029 | Temple   | Reached ** piety under Qazlal
  3079 | D:4      | Noticed an ogre
  3086 | D:4      | Killed an ogre
  3086 | D:4      | Noticed Menkaure
  3087 | D:4      | Reached skill level 5 in Unarmed Combat
  3087 | D:4      | Reached XP level 6. HP: 38/38 MP: 7/7
  3097 | D:4      | Killed Menkaure
  3335 | D:4      | Noticed Pikel
  3338 | D:4      | Reached skill level 6 in Unarmed Combat
  3338 | D:4      | Reached XP level 7. HP: 44/44 MP: 8/8
  3344 | D:4      | Noticed Eustachio
  3365 | D:4      | Killed Pikel
  3366 | D:4      | Reached skill level 5 in Dodging
  3366 | D:4      | Reached skill level 7 in Unarmed Combat
  3366 | D:4      | Reached XP level 8. HP: 20/48 MP: 9/9
  3370 | D:4      | Killed Eustachio
  3371 | D:4      | Reached skill level 5 in Fighting
  4176 | D:5      | Entered Level 5 of the Dungeon
  4276 | D:5      | Found a stormy altar of Qazlal.
  4372 | D:5      | Reached skill level 1 in Invocations
  4564 | D:5      | Reached skill level 8 in Unarmed Combat
  4654 | D:5      | Noticed Dowan
  4664 | D:5      | Noticed Duvessa
  4674 | D:5      | Killed Duvessa
  4675 | D:5      | Killed Dowan
  4676 | D:5      | Reached skill level 5 in Armour
  4678 | D:5      | Reached XP level 9. HP: 32/55 MP: 9/11
  5132 | D:6      | Noticed a troll
  5154 | D:6      | Killed a troll
  5745 | D:6      | Found a hazy altar of Hepliaklqana.
  5787 | D:6      | Noticed Blork the orc
  5813 | D:6      | Reached skill level 9 in Unarmed Combat
  5821 | D:6      | Killed Blork the orc
  5830 | D:6      | Reached *** piety under Qazlal
  6126 | D:6      | Found a glowing golden altar of the Shining One.
  6126 | D:6      | Found a glowing silver altar of Zin.
  6131 | D:6      | Found an iron altar of Okawaru.
  6133 | D:6      | Found a sparkling altar of Nemelex Xobeh.
  6135 | D:6      | Found an ancient bone altar of Kikubaaqudgha.
  6666 | D:7      | Identified the +3 quarterstaff of Taxation {vorpal, +Blink}
  6694 | D:6      | Killed from afar by an orc priest

Illustrated notes

Levels and vault maps discovered:
D:1:      saegor_arrival_miasma, layout_loops_ring
D:2:      layout_basic, minmay_quadrilaterals
D:3:      layout_rooms
D:4:      layout_loops_cross, overflow_temple_1_default,
          minmay_temple_entry_glass, uniq_pikel, uniq_menkaure, uniq_eustachio
D:5:      layout_basic, grunt_qazlal_clouds, uniq_duvessa
D:6:      minmay_chambers_of_sixes, layout_basic,
          chequers_temple_overflow_minitemple, nzn_hepliaklqana_mist_gate,
          uniq_blork_the_orc
D:7:      wander_guarded_unrand_ratskin, layout_cave_pools, lemuel_round_altar
Temple:   oiseaux_autumnal_temple

Skill      XL: |  1  2  3  4  5  6  7  8  9 |
---------------+----------------------------+-----
Armour         | 1 2 3 4 5 6 |  6.1
Unarmed Combat | 4 5 6 7 8 9 |  9.7
Dodging        | 4 5 6 7 |  7.1
Fighting       | 4 5 6 |  6.6
Invocations    | 1 3 |  3.3
Stealth        | |  2.0

Action                   |  1- 3 |  4- 6 |  7- 9 || total
-------------------------+-------+-------+-------++-------
Melee: Unarmed           |    93 |    92 |   258 ||   443
       Kick              |    19 |    27 |    73 ||   119
       Peck              |    14 |    14 |    47 ||    75
       Punch             |     2 |     3 |     9 ||    14
 Abil: Fly               |       |     1 |       ||     1
Evoke: Wand              |       |     2 |     1 ||     3
  Use: Scroll            |     3 |     6 |     1 ||    10
       Potion            |     1 |     4 |     3 ||     8
 Stab: Sleeping          |     2 |     6 |       ||     8
       Paralysed         |       |     3 |     3 ||     6
       Invisible         |       |       |     6 ||     6
Armor: Robe              |    13 |     8 |    16 ||    37
       Skin              |       |       |    19 ||    19
Dodge: Dodged            |    68 |    41 |   173 ||   282
Block: Other             |       |     1 |    23 ||    24

Table legend: (Time is in decaauts)
 A = Elapsed time spent in this place.
 B = Non-inter-level travel time spent in this place.
 C = Inter-level travel time spent in this place.
 D = Time resting spent in this place.
 E = Time spent auto-exploring this place.
 F = Levels seen in this place.
 G = Mean time per level.
                   A        B        C        D        E       F      G
               +--------+--------+--------+--------+--------+-----+--------+
         Total |   6419 |   6111 |    308 |    802 |   4458 |   8 |  802.4 |
       Dungeon |   6222 |   5949 |    273 |    802 |   4297 |   7 |  888.9 |
        Temple |    197 |    162 |     35 |      0 |    161 |   1 |  197.0 |
               +--------+--------+--------+--------+--------+-----+--------+

Top non-repeatable levels by time:
     D:6: 1409 daAuts
     D:2: 1287 daAuts
     D:4: 1243 daAuts
     D:1: 864 daAuts
     D:5: 837 daAuts
     D:3: 481 daAuts
  Temple: 197 daAuts
     D:7: 99 daAuts
